 Dungeon Crawl Stone Soup version 0.16.2-12-gd0ad4c3 (webtiles) character file.

7088 Peloso the Blocker (level 10, -2/91 HPs)
             Began as a Minotaur Fighter on Oct 12, 2015.
             Was an Elder of Okawaru.
             Slain by a hill giant
             ... wielding a +0 giant club
              (31 damage)
             ... on level 10 of the Dungeon.
             The game lasted 00:28:31 (8426 turns).

Peloso the Blocker (Minotaur Fighter)               Turns: 8426, Time: 00:28:32

Health: -2/91      AC: 19    Str: 23    XL:     10   Next: 84%
Magic:  4/4        EV:  8    Int:  5    God:    Okawaru [****..]
Gold:   681        SH: 14    Dex: 11    Spells: 0 memorised, 9 levels left

rFire  + . .     SeeInvis .     a - +0 long sword
rCold  . . .     Clarity  .     w - +0 plate armour
rNeg   . . .     SustAb   .     M - +2 shield {rF+}
rPois  +         Gourm    .     (helmet restricted)
rElec  .         Spirit   .     n - +2 cloak
rCorr  .         Warding  .     (no gloves)
rMut   .         Stasis   .     t - +0 pair of boots
MR     .....                    (no amulet)
Stlth  ..........               q - ring of poison resistance
                                (no ring)

@: not resistant to hostile enchantments, extremely unstealthy
A: retaliatory headbutt, horns 2
a: Heroism, Renounce Religion


You were on level 10 of the Dungeon.
You worshipped Okawaru.
Okawaru was greatly pleased with you.
You were very hungry.

You visited 2 branches of the dungeon, and saw 11 of its levels.

You collected 681 gold pieces.

Inventory:

Hand weapons
 a - a +0 long sword (weapon)
 o - a cursed -3 war axe
 y - the +5 whip "Cro Pron" {slash, Str+3}
   (You found it on level 7 of the Dungeon)

   It inflicts extra damage upon your enemies.
   It affects your strength (+3).
Armour
 c - a +0 shield
 n - a +2 cloak (worn)
 t - a +0 pair of boots (worn)
 w - a +0 plate armour (worn)
 M - a +2 shield of fire resistance (worn)
Jewellery
 f - an uncursed ring of protection from fire
 q - a ring of poison resistance (right hand)
 u - an uncursed ring of teleport control
 L - a +5 ring of intelligence {unknown}
Magical devices
 i - a wand of cold (8)
Scrolls
 h - 6 scrolls of teleportation
 B - a scroll of enchant armour {unknown}
 C - a scroll of fog {unknown}
 D - a scroll of amnesia
 E - a scroll of identify
 F - 2 scrolls of remove curse
 G - a scroll of recharging {unknown}
 H - 2 scrolls of noise {unknown}
 I - a scroll of blinking
 J - a scroll of vulnerability {unknown}
Potions
 e - 3 potions of might
 g - 14 potions of curing {unknown}
 l - 5 potions of restore abilities
 p - 2 potions of cure mutation
 r - 5 potions of heal wounds
 s - 2 potions of brilliance
 v - 3 potions of poison {unknown}
 x - a potion of cancellation
 z - 3 potions of lignification {unknown}
Books
 j - a book of the Earth

   Spells                             Type                      Level
   a - Leda's Liquefaction            Hexes/Earth                  4
   b - Bolt of Magma                  Conjuration/Fire/Earth       5
   c - Statue Form                    Transmutation/Earth          6
   d - Iron Shot                      Conjuration/Earth            6
   e - Shatter                        Earth                        9
 K - a book of Burglary

   Spells                             Type                      Level
   a - Swiftness                      Charms/Air                   2
   b - Passwall                       Transmutation/Earth          3
   c - Passage of Golubria            Translocation                4
   d - Lee's Rapid Deconstruction     Earth                        5
   e - Invisibility                   Hexes                        6
   f - Darkness                       Hexes                        7
Comestibles
 b - 2 beef jerkies
 d - 11 bread rations
 k - a meat ration
 m - 21 fruits
 A - 3 chunks of flesh


   Skills:
 + Level 9.2 Fighting
 + Level 9.6 Long Blades
 + Level 0.8 Maces & Flails
 + Level 9.7 Armour
 + Level 5.1 Dodging
 + Level 0.6 Stealth
 + Level 11.6 Shields
 + Level 0.6 Invocations


You had 9 spell levels left.
You didn't know any spells.

Dungeon Overview and Level Annotations

Branches:
Dungeon (10/15)            Temple (1/1) D:6            Lair (0/8) D:9
    Orc (0/4) D:9

Altars:
Dithmenos
Elyvilon
Fedhas
Gozag
Kikubaaqudgha
Makhleb
Nemelex Xobeh
Okawaru
Qazlal
Sif Muna
Trog
Xom
Zin
The Shining One

Shops:
D:5 %   D:8 }


Innate Abilities, Weirdness & Mutations

You reflexively headbutt those who attack you in melee.
You have a pair of horns on your head.


Message History

The hill giant shouts!
Your headbutt misses the centaur.
The centaur is heavily wounded.
You block the centaur's attack. The centaur barely misses you.
You furiously retaliate!
You headbutt the centaur!
The hill giant moves out of view.
Your plate armour prevents you from hitting the centaur.
You headbutt the centaur.
You kill the centaur!
Okawaru accepts your kill.
Unknown command.
There is an open door, spattered with blood here.
You see here an arrow.
You close the door.
You start resting.
Something unseen opens the door.
The hill giant hits you with a giant club!
You slash the hill giant!
The hill giant is lightly wounded.
The hill giant hits you with a giant club!!
You die...

##### ##### #... ##...##
######.####.PP@.#
#.......).'()C♣.#
#.........#P....# #####
#.......#.##...## #...#
#.........####### #...#
###.......##......# #...#
#...##..C###..############...####
#.#..........................+...
#............<.........##....####


You could see a hill giant.

Vanquished Creatures
  A tengu warrior (D:10)
  The ghost of grerr the Blocker, an experienced MiFi of Okawaru (D:6)
  A gargoyle (D:10)
  A troll (D:7)
  2 ravens (D:10)
  A two-headed ogre (D:10)
  2 hungry ghosts
  A hippogriff (D:10)
  4 yaks
  An ice beast (D:5)
  3 orc warriors
  3 sky beasts
  A phantom (D:7)
  5 centaurs
  Sigmund (D:3)
  5 ogres
  3 giant frogs
  Blork the orc (D:6)
  A big kobold (D:8)
  2 scorpions
  6 killer bees (D:9)
  2 goliath beetles
  4 crimson imps
  A centaur zombie (D:7)
  5 orc wizards
  2 giant frog zombies
  Crazy Yiuf (D:2)
  2 giant frog skeletons
  7 hounds
  A jelly (D:6)
  6 iguanas
  Natasha (twice) (D:3)
  6 orc priests
  7 worker ants
  A mummy (D:10)
  A hound skeleton (D:8)
  8 gnolls
  7 adders
  3 worms
  A shadow imp (D:3)
  2 adder skeletons
  2 oozes
  33 orcs
  2 ball pythons
  A bat skeleton (D:6)
  3 bat zombies (D:2)
  3 giant cockroaches
  6 hobgoblins
  4 quokkas
  18 bats
  A giant gecko (D:6)
  A giant gecko skeleton (D:7)
  6 giant newts
  A giant spore (D:6)
  13 goblins
  9 jackals
  20 kobolds
  A quokka skeleton (D:6)
  22 rats
  4 ballistomycetes
265 creatures vanquished.

Vanquished Creatures (others)
  2 orc wizards
  2 giant spores (D:7)
  A ballistomycete (D:7)
5 creatures vanquished.

Grand Total: 270 creatures vanquished

Notes
Turn   | Place    | Note
--------------------------------------------------------------
     0 | D:1      | Peloso, the Minotaur Fighter, began the quest for the Orb.
     0 | D:1      | Reached XP level 1. HP: 19/19 MP: 1/1
   108 | D:1      | Reached skill level 4 in Shields
   108 | D:1      | Reached XP level 2. HP: 16/27 MP: 1/1
  1026 | D:2      | Reached XP level 3. HP: 31/33 MP: 2/2
  1088 | D:2      | Noticed Crazy Yiuf
  1093 | D:2      | Killed Crazy Yiuf
  1093 | D:2      | Reached XP level 4. HP: 41/41 MP: 2/2
  1536 | D:2      | Reached skill level 1 in Dodging
  1546 | D:2      | Reached skill level 5 in Shields
  1546 | D:2      | Reached XP level 5. HP: 28/47 MP: 2/2
  1652 | D:2      | Found an ancient bone altar of Kikubaaqudgha.
  1839 | D:3      | Noticed Sigmund
  1854 | D:3      | Killed Sigmund
  1909 | D:3      | Reached XP level 6. HP: 55/55 MP: 3/3
  1960 | D:3      | Reached skill level 5 in Fighting
  2084 | D:3      | Found a glowing golden altar of the Shining One.
  2219 | D:3      | Reached skill level 6 in Shields
  2242 | D:3      | Noticed Natasha
  2252 | D:3      | Killed Natasha
  2303 | D:3      | Found a bloodstained altar of Trog.
  2381 | D:3      | Found a deep blue altar of Sif Muna.
  2415 | D:3      | Noticed Natasha
  2422 | D:3      | Killed Natasha
  2534 | D:3      | Found a shimmering altar of Xom.
  2656 | D:4      | Reached XP level 7. HP: 18/61 MP: 3/3
  3021 | D:3      | Found an opulent altar of Gozag.
  3058 | D:4      | Reached skill level 5 in Armour
  3366 | D:5      | Entered Level 5 of the Dungeon
  3411 | D:5      | Reached skill level 7 in Shields
  3567 | D:5      | Found Pawu's Food Boutique.
  3574 | D:5      | Reached skill level 5 in Long Blades
  3605 | D:5      | Reached XP level 8. HP: 66/69 MP: 3/3
  3855 | D:5      | Found a stormy altar of Qazlal.
  3954 | D:6      | Noticed grerr's ghost (experienced MiFi)
  4096 | D:6      | Killed grerr's ghost
  4096 | D:6      | Reached skill level 8 in Shields
  4233 | D:6      | Found a shadowy altar of Dithmenos.
  4641 | D:6      | Found a blossoming altar of Fedhas.
  4675 | D:6      | Found a staircase to the Ecumenical Temple.
  4742 | Temple   | Entered the Ecumenical Temple
  4746 | Temple   | Became a worshipper of Warmaster Okawaru
  4783 | D:6      | Found an iron altar of Okawaru.
  5019 | D:6      | Reached XP level 9. HP: 78/78 MP: 4/4
  5033 | D:6      | Noticed Blork the orc
  5042 | D:6      | Killed Blork the orc
  5101 | D:7      | Got a bone whip
  5102 | D:7      | Identified the +5 whip "Cro Pron" {slash, Str+3} (You found it on level 7 of the Dungeon)
  5221 | D:7      | Reached skill level 9 in Shields
  5565 | D:7      | Acquired Okawaru's first power
  6311 | D:8      | Found Oparus' Gadget Shop.
  6738 | D:8      | Reached skill level 10 in Shields
  7001 | D:9      | Reached XP level 10. HP: 88/88 MP: 4/4
  7212 | D:9      | Found a staircase to the Orcish Mines.
  7312 | D:9      | Found a staircase to the Lair.
  7579 | D:9      | Found a glowing silver altar of Zin.
  7579 | D:9      | Found a glowing golden altar of the Shining One.
  7592 | D:9      | Found a white marble altar of Elyvilon.
  7657 | D:10     | Entered Level 10 of the Dungeon
  8121 | D:10     | Reached skill level 5 in Dodging
  8121 | D:10     | Reached skill level 11 in Shields
  8305 | D:10     | Noticed a tengu warrior
  8355 | D:10     | Killed a tengu warrior
  8413 | D:10     | Noticed a hill giant
  8426 | D:10     | Slain by a hill giant

Action                   |  1- 3 |  4- 6 |  7- 9 | 10-12 || total
-------------------------+-------+-------+-------+-------++-------
Melee: Long sword        |    56 |   219 |   500 |   259 ||  1034
       Whip              |       |       |    31 |       ||    31
Invok: Heroism           |       |       |       |     1 ||     1
  Use: Scroll            |       |       |     9 |     4 ||    13
       Potion            |       |       |     1 |       ||     1
  Eat: Chunk             |       |     6 |    11 |     5 ||    22
       Pizza             |       |       |     2 |       ||     2
       Beef jerky        |       |       |     1 |       ||     1
